 Dungeon Crawl Stone Soup version 0.24.0-13-gcf9b319 (webtiles) character file.

Game seed: 5608937684711032271, levelgen mode: deterministic

105 Doobh the Stinger (level 4, -2/32 HPs)
             Began as a Demonspawn Venom Mage on Dec 31, 2019.
             Killed by divine providence
             ... invoked by an orc priest
              (10 damage)
             ... on level 3 of the Dungeon.
             The game lasted 00:08:36 (1826 turns).

Doobh the Stinger (Demonspawn Venom Mage)           Turns: 1826, Time: 00:08:36

Health: -2/32      AC:  3    Str:  9    XL:     4   Next: 53%
Magic:  4/8        EV: 12    Int: 17    God:
Gold:   97         SH:  0    Dex: 13    Spells: 7/8 levels left

rFire    . . .     SeeInvis .   (no weapon)
rCold    . . .     Gourm    .   (no shield)
rNeg     . . .     Faith    .   g - +0 leather armour
rPois    .         Spirit   .   (no helmet)
rElec    .         Reflect  .   (no cloak)
rCorr    .         Harm     .   (no gloves)
MR       .....                  (no boots)
Stlth    ++........             (no amulet)
HPRegen  0.10/turn              (no ring)
MPRegen  0.11/turn              (no ring)

@: no status effects
A: foul stench 1, spiny 1, rot immunity
a: no special abilities


You were on level 3 of the Dungeon.
You were not hungry.

You visited 1 branch of the dungeon, and saw 3 of its levels.

You collected 97 gold pieces.

Inventory:

Missiles
 e - 8 poisoned darts (quivered)
Armour
 a - a +0 robe
 g - a +0 leather armour (worn)
Scrolls
 h - a scroll of teleportation {unknown}
 i - 2 scrolls of identify
 k - a scroll of remove curse
 m - a scroll of immolation
Potions
 d - a potion of curing {unknown}
 f - a potion of haste {unknown}
 j - a potion of heal wounds {unknown}
 l - a potion of brilliance {unknown}
 n - a potion of might {unknown}
Comestibles
 c - 6 rations


   Skills:
 + Level 1.1 Fighting
 + Level 2.2 Dodging
 + Level 2.2 Stealth
 + Level 0.9 Unarmed Combat
 * Level 2.7 Spellcasting
 * Level 2.3 Conjurations
 + Level 3.2 Poison Magic


You had 7 spell levels left.
You knew the following spells:

 Your Spells              Type           Power        Failure   Level  Hunger
a - Sting                 Conj/Pois      ##..         9%          1    #......

Your spell library contained the following spells:

 Spells                   Type           Power        Failure   Level  Hunger
 Poisonous Vapours        Pois/Air       #.....       21%         2    ##.....
 Mephitic Cloud           Conj/Pois/Air  #.......     34%         3    ###....
 Olgreb's Toxic Radiance  Pois           ##......     54%         4    #####..
 Venom Bolt               Conj/Pois      ##........   92%         5    ######.


Dungeon Overview and Level Annotations

Branches:
Dungeon (3/15)

Altars:
Yredelemnul


Innate Abilities, Weirdness & Mutations

You may emit foul miasma when damaged in melee.
You are partially covered in sharp spines.
You are immune to rotting.


Message History

The orc priest mumbles some strange prayers to Beogh against you.
Beogh smites you!
The orc priest calls down the wrath of Beogh upon you.
Beogh smites you!
* * * LOW HITPOINT WARNING * * *
What are your orders? t - Shout!
Orders for allies: a - Attack new target. r - Retreat! s - Stop attacking. g - Guard the area. f - Follow me.
Anything else - Cancel.
Okay, then.
As you read the scroll labeled OHEK MOIJUSIY, it crumbles to dust.
It is a scroll of identify.
m - a scroll of immolation
As you read the scroll of identify, it crumbles to dust.
k - a scroll of remove curse The orc priest mumbles some strange prayers to Beogh against you.
Beogh smites you!
You die...

# ### .. .## #..
... #.# #.# .o.
..# #.# ###.## #.#
#.# #.....##.# #@#
.......#.# #.#
.......#รท######.#
..._....o.oo..o.#
.......#.########
.?.....#.#
#.....##.# ###.##
#.# ... ..#


You could see an orc priest.

Vanquished Creatures
  A worker ant (D:3)
  2 adders (D:2)
  An ooze (D:1)
  5 dart slugs
  4 giant cockroaches
  5 goblins
  8 hobgoblins
  2 quokkas (D:3)
  10 bats
  A frilled lizard (D:2)
  7 kobolds
  2 rats (D:1)
48 creatures vanquished.

Notes
Turn   | Place    | Note
-------+----------+-------------------------------------------
     0 | D:1      | Doobh the Demonspawn Venom Mage began the quest for the
                  | Orb.
     0 | D:1      | Reached XP level 1. HP: 13/13 MP: 3/3
   102 | D:1      | Gained mutation: You are immune to rotting. [demonic
                  | ancestry]
   102 | D:1      | Reached XP level 2. HP: 7/19 MP: 0/5
   828 | D:1      | Gained mutation: You may emit foul miasma when damaged in
                  | melee. [demonic ancestry]
   828 | D:1      | Reached XP level 3. HP: 20/25 MP: 4/6
  1344 | D:2      | Reached skill level 1 in Fighting
  1389 | D:2      | Gained mutation: You are partially covered in sharp spines.
                  | [demonic ancestry]
  1389 | D:2      | Reached XP level 4. HP: 21/32 MP: 0/7
  1803 | D:3      | Found a basalt altar of Yredelemnul.
  1826 | D:3      | Killed from afar by an orc priest

Levels and vault maps discovered:
D:1:      evilmike_arrival_plus, layout_basic, serial_rivers,
          chequers_serial_rivers_micro_d, chequers_serial_rivers_small_3,
          chequers_serial_rivers_micro_b, chequers_serial_rivers_small_b,
          chequers_serial_rivers_marsh
D:2:      layout_basic
D:3:      layout_loops_ring, lemuel_round_altar, old_standard_altar,
          first_ration, portal_sewer_entry_d, dk_noncrumbling_2, uniq_sigmund,
          uniq_grinder, uniq_ijyb

Skill      XL: |  1  2  3 |
---------------+----------+-----
Stealth        | 2 |  2.2
Dodging        | 2 |  2.2
Conjurations   | 2 |  2.3
Fighting       | 1 |  1.1
Unarmed Combat | |  0.9
Spellcasting   | |  2.7
Poison Magic   | |  3.2

Action                   |  1- 3 |  4- 6 || total
-------------------------+-------+-------++-------
Melee: Unarmed           |    69 |     3 ||    72
 Cast: Sting             |    63 |    17 ||    80
  Use: Scroll            |       |     2 ||     2
  Eat: Chunk             |     2 |     2 ||     4
Armor: Robe              |    12 |       ||    12
       Leather armour    |     5 |     1 ||     6
Dodge: Dodged            |    65 |     2 ||    67
